 Dungeon Crawl Stone Soup version 0.30-a0-1160-g6e42c06551 (webtiles) character file.

Game seed: 5427893308243527740

380 Gynju the Sneak (level 7, 0/36 HPs)
             Began as a Kobold Enchanter on Apr 26, 2023.
             Slain by a white imp (4 damage)
             ... on level 5 of the Dungeon.
             The game lasted 00:10:29 (4917 turns).

Gynju the Sneak (Kobold Enchanter)                  Turns: 4917, Time: 00:10:30

Health: 0/36       AC:  3    Str:  5    XL:     7   Next: 4%
Magic:  0/12       EV: 21    Int: 16    God:
Gold:   305        SH:  0    Dex: 18    Spells: 11/13 levels left

rFire   . . .        t - +1 rapier
rCold   . . .        (no shield)
rNeg    . . .        b - +0 robe
rPois   .            (no helmet)
rElec   .            (no cloak)
rCorr   .            (no gloves)
SInv    .            p - +0 pair of boots
Will    .....        e - amulet of guardian spirit
Stlth   ++++         h - +5 ring of evasion
HPRegen 0.26/turn    (no ring)
MPRegen 0.13/turn

%: guardian spirit
@: no status effects
A: small, no large weapons, nightstalker 3
a: no special abilities


You were on level 5 of the Dungeon.
You visited 1 branch of the dungeon, and saw 5 of its levels.

You collected 305 gold pieces.

Inventory:

Hand Weapons
 a - a +1 dagger
 t - a +1 rapier (weapon)
Missiles
 k - 6 poisoned darts (quivered)
 x - a throwing net
Armour
 b - a +0 robe (worn)
 p - a +0 pair of boots (worn)
 q - a scarf of harm
Jewellery
 e - an amulet of guardian spirit (around neck)
 h - a +5 ring of evasion (left hand)
 u - a +6 ring of intelligence
 y - an amulet of reflection
 B - a ring of willpower
Scrolls
 o - a scroll of teleportation
 C - a scroll of blinking
Potions
 c - 2 potions of invisibility
 d - 3 potions of curing {@q1}
 f - a potion of brilliance {unknown}
 g - a potion of mutation
 m - a potion of cancellation
 n - a potion of flight
 s - a potion of ambrosia {unknown}
 v - a potion of degeneration {unknown}
 z - a potion of heal wounds {unknown}


   Skills:
 + Level 4.3 Short Blades
 + Level 4.3 Dodging
 - Level 5.0 Stealth
 + Level 3.8 Spellcasting
 + Level 4.3 Hexes


You had 11 spell levels left.
You knew the following spells:

 Your Spells              Type           Power      Damage    Failure   Level
a - Ensorcelled Hibernat  Hex/Ice        20%        N/A       11%         2

Your spell library contained the following spells:

 Spells                   Type           Power      Damage    Failure   Level
 Confusing Touch          Hex            16%        N/A       9%          3
 Tukima's Dance           Hex            16%        N/A       9%          3
 Dazzling Flash           Conj/Hex       20%        N/A       22%         3
 Portal Projectile        Hex/Tloc       20%        N/A       22%         3
 Call Canine Familiar     Summ           3%         N/A       45%         3
 Leda's Liquefaction      Hex/Erth       5%         N/A       56%         4


Dungeon Overview and Level Annotations

Branches:
Dungeon (5/15)
 Temple: D:4-7

Altars:
Kikubaaqudgha

Shops:
D:3 *   D:4 [


Innate Abilities, Weirdness & Mutations

You are small and have problems with some larger weapons.
You are completely attuned to the shadows.


Message History

You hit the white imp.
The white imp is heavily wounded.
The white imp hits you. The white imp freezes you.
You hit the white imp but do no damage.
The white imp is heavily wounded.
The white imp hits you. The white imp freezes you.
You hit the white imp.
The white imp is heavily wounded.
The white imp hits you. The white imp freezes you.
You closely miss the white imp.
The white imp is heavily wounded.
The white imp hits you but does no damage.
You hit the white imp but do no damage.
The white imp is heavily wounded.
The white imp gestures at you. The puff of frost hits you!
You barely miss the white imp.
The white imp is heavily wounded.
The white imp gestures at you. The puff of frost hits you.
You closely miss the white imp.
The white imp is heavily wounded.
The white imp completely misses you.
You closely miss the white imp.
The white imp is heavily wounded.
The white imp gestures at you. The puff of frost hits you!
* * * LOW HITPOINT WARNING * * *
You closely miss the white imp.
The white imp is heavily wounded.
The white imp completely misses you.
You closely miss the white imp.
The white imp is heavily wounded.
The white imp hits you but does no damage.
You closely miss the white imp.
The white imp is heavily wounded.
The white imp hits you.
* * * LOW HITPOINT WARNING * * *
The white imp freezes you.
You die...

##.......
..........
##.#.#...#
.........#
####.#.#.# #.
#...#.# #.#
#.#...######.#####
#.#.#.............
.............@5...
##.#.#.........†...
....#....##.......
.# #.#..##.......
..........####
#....# #....#


You could see a white imp.

Vanquished Creatures
  2 iguanas
  An orc wizard (D:3)
  5 gnolls
  13 adders
  4 white imps
  A worm (D:2)
  2 dart slugs
  7 orcs
  9 endoplasms
  3 giant cockroaches
  7 goblins
  17 hobgoblins
  2 jackals
  7 kobolds
  4 quokkas
  4 ball pythons
  7 bats
  5 frilled lizards
  5 rats
105 creatures vanquished.

Vanquished Creatures (others)
  A human (D:3)
1 creature vanquished.

Grand Total: 106 creatures vanquished

Notes
Turn   | Place    | Note
-------+----------+-------------------------------------------
     0 | D:1      | Gynju the Kobold Enchanter began the quest for the Orb.
     0 | D:1      | Reached XP level 1. HP: 10/10 MP: 3/3
    77 | D:1      | Reached XP level 2. HP: 8/15 MP: 5/5
    80 | D:1      | Learned a level 2 spell: Ensorcelled Hibernation
   546 | D:1      | Reached XP level 3. HP: 19/19 MP: 6/6
  1286 | D:2      | Reached XP level 4. HP: 24/24 MP: 7/7
  2299 | D:3      | Reached XP level 5. HP: 28/28 MP: 9/9
  2316 | D:3      | Found an ancient bone altar of Kikubaaqudgha.
  2471 | D:3      | Found a faded altar of an unknown god.
  2571 | D:3      | Reached skill level 5 in Stealth
  2692 | D:3      | Found Yrianocw's Assorted Antiques.
  2790 | D:3      | Noticed a human
  2791 | D:3      | Killed a human
  3071 | D:3      | Reached XP level 6. HP: 32/32 MP: 7/10
  3593 | D:4      | Found Tiocidgh's Antique Armour Emporium.
  4276 | D:5      | Entered Level 5 of the Dungeon
  4907 | D:5      | Reached XP level 7. HP: 36/36 MP: 7/12
  4917 | D:5      | Slain by a white imp

Illustrated notes

Levels and vault maps discovered:
D:1:      amcnicky_arrival_wind_blow, layout_loops_ring,
          minmay_misc_feat_encased
D:2:      layout_basic, dreamdust_mushroom_princess
D:3:      layout_loops_ring, tgw_kikubaaqudgha,
          shapermc_ecumenical_altar_notcrosses, serial_shops,
          nicolae_shop_tiny_waterfront, hex_large
D:4:      layout_loops_ring, serial_shops, shop
D:5:      layout_basic, minmay_bent

Skill      XL: |  1  2  3  4  5  6 |
---------------+-------------------+-----
Short Blades   | 2 3 4 |  4.3
Dodging        | 3 4 |  4.3
Spellcasting   | 3 |  3.8
Stealth        | 5 |  5.0
Hexes          | 4 |  4.3

Action                     |  1- 3 |  4- 6 |  7- 9 || total
---------------------------+-------+-------+-------++-------
  Melee: Dagger            |    53 |    49 |       ||   102
         Rapier            |       |   121 |    11 ||   132
         Punch             |       |     2 |       ||     2
   Cast: Ensorcelled Hiber |    16 |    40 |       ||    56
    Use: Scroll            |       |    12 |       ||    12
   Stab: Sleeping          |    25 |    50 |       ||    75
         Distracted        |     2 |       |       ||     2
 Armour: Robe              |     7 |    15 |     2 ||    24
  Dodge: Dodged            |    42 |   165 |     2 ||   209

Table legend: (Time is in decaauts)
 A = Elapsed time spent in this place.
 B = Non-inter-level travel time spent in this place.
 C = Inter-level travel time spent in this place.
 D = Time resting spent in this place.
 E = Time spent auto-exploring this place.
 F = Levels seen in this place.
 G = Mean time per level.
                   A        B        C        D        E       F      G
               +--------+--------+--------+--------+--------+-----+--------+
         Total |   4914 |   4734 |    180 |    375 |   3436 |   5 |  982.8 |
       Dungeon |   4914 |   4734 |    180 |    375 |   3436 |   5 |  982.8 |
               +--------+--------+--------+--------+--------+-----+--------+

Top non-repeatable levels by time:
     D:4: 1632 daAuts
     D:1: 1178 daAuts
     D:2: 942 daAuts
     D:3: 920 daAuts
     D:5: 241 daAuts
